 Dungeon Crawl Stone Soup version 0.30-a0-719-gcc4359ea44 (webtiles) character file.

Game seed: 10957853429085762850

10420 Arximoufas the Covert (level 11, -2/76 HPs)
             Began as a Demonspawn Warper on Jan 26, 2023.
             Was a Priest of Dithmenos.
             Slain by a death yak (22 damage)
             ... on level 1 of the Lair of Beasts.
             The game lasted 00:45:33 (9955 turns).

Arximoufas the Covert (Demonspawn Warper)           Turns: 9955, Time: 00:45:33

Health: -2/76      AC: 14    Str: 16    XL:     11   Next: 35%
Magic:  17/17      EV: 16    Int: 14    God:    Dithmenos [***...]
Gold:   728        SH:  0    Dex: 17    Spells: 14/14 levels left

rFire   + . .      SeeInvis +    t - +11 dagger "Imp's Funeral" {heavy, rPois rF+ rC++ Will-}
rCold   + + .      Faith    .    (no shield)
rNeg    . . .      Spirit   .    n - +3 ring mail of the Pits of Slime {Regen+ Dex+4}
rPois   +          Reflect  .    (no helmet)
rElec   .          Harm     .    M - +2 cloak
rCorr   .          Rampage  .    J - +0 pair of gloves
Will    .....                    (no boots)
Stlth   ++++++                   (no amulet)
HPRegen 1.12/turn                e - +5 ring of evasion
MPRegen 0.15/turn                j - ring of see invisible

@: slowed, wreathed by umbra, very slow
A: ignite blood 2, sharp scales 2, demonic magic 1, demonic touch 1
a: Renounce Religion, Shadow Step


You were on level 1 of the Lair of Beasts.
You worshipped Dithmenos.
Dithmenos was most pleased with you.
You visited 3 branches of the dungeon, and saw 12 of its levels.

You collected 728 gold pieces.

Inventory:

Hand Weapons
 t - the +11 dagger "Imp's Funeral" (weapon) {heavy, rPois rF+ rC++ Will-}
   (You found it on level 4 of the Dungeon)

   rF:        It protects you from fire.
   rC:        It greatly protects you from cold.
   rPois:     It protects you from poison.
   Will:      It decreases your willpower.
 u - the +5 long sword of Cataclysm {freeze, rElec Will+ Dex+4 Stlth-}
   (You found it on level 4 of the Dungeon)

   Dex:       It affects your dexterity (+4).
   rElec:     It insulates you from electricity.
   Will:      It increases your willpower.
   Stlth:     It makes you less stealthy.
 D - a +0 heavy war axe
 O - a +2 heavy arbalest
Missiles
 d - 12 boomerangs of dispersal
 q - 5 boomerangs (quivered)
 N - a curare-tipped dart
Armour
 n - the +3 ring mail of the Pits of Slime (worn) {Regen+ Dex+4}
   (You found it on level 2 of the Dungeon)

   Dex:       It affects your dexterity (+4).
   Regen:     It increases your rate of health regeneration.
 J - a +0 pair of gloves (worn)
 M - a +2 cloak (worn)
 T - a +0 ring mail of willpower
Magical Staves
 A - a staff of poison
Jewellery
 e - a +5 ring of evasion (left hand)
 j - a ring of see invisible (right hand)
 m - a ring of positive energy
 w - a ring of protection from fire
 C - a ring of flight
 E - a +4 ring of protection
 K - a ring of poison resistance
 S - a ring of wizardry
Wands
 a - a wand of roots (10)
 x - a wand of polymorph (5)
 z - a wand of quicksilver (9)
 L - a wand of paralysis (11)
Scrolls
 g - 7 scrolls of identify {unknown}
 k - a scroll of enchant armour {unknown}
 o - a scroll of silence {unknown}
 p - 3 scrolls of noise {unknown}
 s - 2 scrolls of teleportation {unknown}
 v - a scroll of enchant weapon {unknown}
 y - 4 scrolls of magic mapping {unknown}
 B - 4 scrolls of poison {unknown}
 Q - a scroll of vulnerability {unknown}
 R - a scroll of brand weapon {unknown}
 U - a scroll of summoning {unknown}
 V - 2 scrolls of fear {unknown}
Potions
 b - 3 potions of berserk rage {unknown}
 f - 3 potions of lignification {unknown}
 h - 3 potions of might {unknown}
 i - 4 potions of curing {unknown}
 l - a potion of degeneration {unknown}
 r - a potion of mutation {unknown}
 F - a potion of brilliance {unknown}
 G - 3 potions of heal wounds {unknown}
 H - 4 potions of invisibility {unknown}
 P - a potion of cancellation {unknown}
 W - a potion of ambrosia {unknown}
 X - a potion of flight {unknown}


   Skills:
 + Level 3.9 Fighting
 - Level 10.0 Short Blades
 - Level 4.4 Axes
 - Level 2.1 Throwing
 - Level 2.8 Armour
 - Level 1.7 Dodging
 + Level 11.0 Stealth
 - Level 2.0 Spellcasting
 - Level 2.6 Translocations
 + Level 8.1 Invocations


You had 14 spell levels left.
You didn't know any spells.
Your spell library contained the following spells:

 Spells                   Type           Power      Damage    Failure   Level
 Blink                    Tloc           16%        N/A       22%         2
 Lesser Beckoning         Tloc           16%        N/A       22%         2
 Teleport Other           Tloc           8%         N/A       41%         3
 Ensorcelled Hibernation  Hex/Ice        2%         N/A       54%         2
 Passwall                 Tmut/Erth      0%         N/A       54%         2
 Vhi's Electric Charge    Tloc/Air       10%        N/A       58%         3
 Swiftness                Air            1%         N/A       78%         3
 Manifold Assault         Tloc           8%         N/A       82%         4
 Iskenderun's Battlesphe  Conj           1%         2d6       100%        5
 Summon Forest            Summ/Tloc      2%         N/A       100%        5
 Summon Mana Viper        Hex/Summ       1%         N/A       100%        5
 Eringya's Noxious Bog    Tmut/Pois      0%         N/A       100%        6
 Iron Shot                Conj/Erth      0%         9d1       100%        6
 Summon Cactus Giant      Summ           0%         N/A       100%        6
 Spellforged Servitor     Conj/Summ      0%         N/A       100%        7
 Summon Hydra             Summ           0%         N/A       100%        7


Dungeon Overview and Level Annotations

Branches:
Dungeon (10/15)            Temple (1/1) D:5            Lair (1/5) D:9
    Orc: D:9-12

Altars:
Ashenzari
Cheibriados
Dithmenos
Fedhas
Gozag
Hepliaklqana
Kikubaaqudgha
Makhleb
Nemelex Xobeh
Okawaru
Qazlal
Ru
Sif Muna
Trog
Uskayaw
Vehumet
Wu Jian
Xom
Yredelemnul

Shops:
D:10 *

Annotations:
D:9 2 transporters


Innate Abilities, Weirdness & Mutations

Your demonic aura often causes spilled blood to erupt in flames.
You are mostly covered in razor-sharp scales. (AC +2, Slay +2)
Spells you cast may paralyse adjacent enemies.
Your touch may inflict minor irresistible damage on your foes.


Message History

You enter the shallow water.
Moving in this stuff is going to be slow.
You enter the shallow water.
Moving in this stuff is going to be slow.
The bog body casts a spell at you.
You feel as though you will be slow longer.
The polar bear simulacrum attacks as you move away!
The polar bear simulacrum completely misses you.
The polar bear simulacrum claws you. The polar bear simulacrum freezes you.
You resist. The polar bear simulacrum misses you.
The polar bear simulacrum bites you but does no damage.
The polar bear simulacrum misses you.
The polar bear simulacrum completely misses you.
The polar bear simulacrum closely misses you.
The polar bear simulacrum claws you but does no damage. x2
Okay, then.
Okay, then.
Blink to where?
Press: ? - help, Dir - move target
As you read the scroll of blinking, it crumbles to dust.
You feel yourself speed up.
A two-headed ogre simulacrum comes into view.
The two-headed ogre simulacrum moves out of view.
The death yak attacks as you move away! The death yak completely misses you.
The death yak attacks as you move away! The death yak misses you.
The death yak attacks as you move away! The death yak gores you!!
Your extra speed is starting to run out.
The death yak is engulfed in blazing flames.
The death yak attacks as you move away! The death yak gores you.
You feel yourself slow down. The death yak attacks as you move away!
The death yak gores you!
The death yak is engulfed in blazing flames.
The death yak gores you!
There is a staircase back to the Dungeon here.
The death yak is engulfed in blazing flames.
The death yak gores you!!
* * * LOW HITPOINT WARNING * * *
The death yak is engulfed in blazing flames.
The death yak gores you!!
You die...

#........##
#....
#..........##
.....
.......##...#
##.... .....##
#n..# #.[..
...## ##..##
..# ###...°##
.# #.......##
#....##..Y##
.....# ##§@.#
....P #.§☼.#
..###
#.......# ##
#....#.....P
#.....#.#....
#....####.....
#.>..# ...##
##..# ..##


You could see a death yak and a bog body.

Vanquished Creatures
  A two-headed ogre (D:9)
  Pikel (D:5)
  A komodo dragon (D:9)
  A rime drake (Lair:1)
  2 ice devils (Lair:1)
  A troll (D:7)
  A hornet (D:6)
  2 shadows (D:10)
  21 yaks
  A wyvern (D:9)
  Eustachio (D:4)
  4 vampire mosquitoes (D:9)
  A basilisk (Lair:1)
  A steam dragon (D:8)
  A water moccasin (D:5)
  3 black bears
  An ice beast (D:7)
  4 orc warriors
  2 ogres
  3 sky beasts
  2 wolves (Lair:1)
  A centaur (D:9)
  2 phantoms (D:7)
  A lemure (D:5)
  2 kobold brigands
  Blork the orc (D:5)
  3 bullfrogs
  2 gnoll sergeants (D:10)
  A scorpion (D:9)
  3 wights (D:8)
  5 killer bees
  2 howler monkeys
  3 hounds
  8 orc priests
  An iguana (D:3)
  Ijyb (D:4)
  Natasha (D:4)
  6 orc wizards
  A troll simulacrum (Lair:1)
  A wolf simulacrum (Lair:1)
  17 gnolls
  6 adders
  A shadow imp (D:6)
  2 white imps
  An ufetubus (D:5)
  A dart slug (D:1)
  38 orcs
  4 ball pythons
  3 bats
  4 endoplasms
  3 giant cockroaches
  5 hobgoblins
  5 quokkas
  2 frilled lizards (D:1)
  8 goblins
  15 kobolds
  4 rats
219 creatures vanquished.

Vanquished Creatures (others)
  20 fungi
  18 plants (D:9)
38 creatures vanquished.

Grand Total: 257 creatures vanquished

Notes
Turn   | Place    | Note
-------+----------+-------------------------------------------
     0 | D:1      | Arximoufas the Demonspawn Warper began the quest for the
                  | Orb.
     0 | D:1      | Reached XP level 1. HP: 16/16 MP: 3/3
    69 | D:1      | Reached skill level 1 in Armour
   160 | D:1      | Gained mutation: You are partially covered in razor-sharp
                  | scales. (AC +1, Slay +1) [demonic ancestry]
   160 | D:1      | Reached XP level 2. HP: 10/22 MP: 5/5
   851 | D:2      | Reached XP level 3. HP: 25/27 MP: 6/6
  1296 | D:2      | Identified the +3 ring mail of the Pits of Slime {Regen+
                  | Dex+4}
  1947 | D:3      | Reached skill level 1 in Throwing
  1947 | D:3      | Reached XP level 4. HP: 33/33 MP: 7/7
  2128 | D:3      | Found a faded altar of an unknown god.
  2603 | D:4      | Gained mutation: Your demonic aura sometimes causes spilled
                  | blood to erupt in flames. [demonic ancestry]
  2603 | D:4      | Reached XP level 5. HP: 34/38 MP: 8/8
  2711 | D:4      | Noticed Ijyb
  2718 | D:4      | Killed Ijyb
  2797 | D:4      | Identified the +11 dagger "Imp's Funeral" {heavy, rPois rF+
                  | rC++ Will-}
  2803 | D:4      | Noticed a sky beast
  2813 | D:4      | Killed a sky beast
  3112 | D:4      | Gained mutation: Your demonic aura often causes spilled
                  | blood to erupt in flames. [demonic ancestry]
  3112 | D:4      | Reached XP level 6. HP: 44/44 MP: 9/9
  3118 | D:4      | Noticed Natasha
  3134 | D:4      | Killed Natasha
  3135 | D:4      | Reached skill level 1 in Short Blades
  3293 | D:4      | Identified the +5 long sword of Cataclysm {freeze, rElec
                  | Will+ Dex+4 Stlth-}
  3334 | D:4      | Noticed Eustachio
  3363 | D:4      | Killed Eustachio
  3503 | D:4      | Found an opulent altar of Gozag.
  3510 | D:4      | Gained mutation: You are mostly covered in razor-sharp
                  | scales. (AC +2, Slay +2) [demonic ancestry]
  3510 | D:4      | Reached XP level 7. HP: 45/50 MP: 10/10
  3516 | D:4      | Found a shimmering altar of Xom.
  3520 | D:4      | Found a sacrificial altar of Ru.
  3944 | D:5      | Entered Level 5 of the Dungeon
  4013 | D:5      | Noticed Blork the orc
  4020 | D:5      | Killed Blork the orc
  4233 | D:5      | Noticed Pikel
  4254 | D:5      | Killed Pikel
  4255 | D:5      | Reached XP level 8. HP: 41/56 MP: 11/11
  4577 | D:5      | Found a staircase to the Ecumenical Temple.
  4586 | Temple   | Entered the Ecumenical Temple
  4767 | Temple   | Became a worshipper of Dithmenos the Shadowed
  5441 | D:6      | Noticed a hornet
  5462 | D:6      | Killed a hornet
  5463 | D:6      | Reached skill level 1 in Stealth
  5632 | D:6      | Reached skill level 2 in Stealth
  6138 | D:7      | Gained mutation: Spells you cast may paralyse adjacent
                  | enemies. [demonic ancestry]
  6138 | D:7      | Reached XP level 9. HP: 61/61 MP: 12/12
  6163 | D:7      | Reached skill level 3 in Stealth
  6183 | D:7      | Noticed a troll
  6189 | D:7      | Killed a troll
  6676 | D:7      | Reached * piety under Dithmenos
  6684 | D:7      | Reached skill level 4 in Stealth
  7144 | D:8      | Found a burning altar of Makhleb.
  7287 | D:8      | Reached skill level 10 in Short Blades
  7289 | D:8      | Reached skill level 5 in Stealth
  7342 | D:8      | Reached skill level 6 in Stealth
  7585 | D:8      | Reached skill level 7 in Stealth
  8111 | D:9      | Gained mutation: Your touch may inflict minor irresistible
                  | damage on your foes. [demonic ancestry]
  8111 | D:9      | Reached XP level 10. HP: 44/67 MP: 13/13
  8117 | D:9      | Reached ** piety under Dithmenos
  8222 | D:9      | Reached skill level 1 in Invocations
  8231 | D:9      | Reached skill level 8 in Stealth
  8274 | D:9      | Found a staircase to the Lair.
  8386 | D:9      | Noticed a two-headed ogre
  8395 | D:9      | Killed a two-headed ogre
  8396 | D:9      | Reached skill level 9 in Stealth
  8431 | D:9      | Found a transporter.
  8432 | D:9      | Noticed a cyclops
  8433 | D:9      | Found a transporter.
  8450 | D:9      | Noticed a harpy
  8458 | D:9      | a harpy changed into a fire crab
  8458 | D:9      | Noticed a fire crab (shapeshifter)
  8477 | D:9      | Reached skill level 5 in Invocations
  8606 | D:9      | Noticed a manticore
  8654 | D:9      | Noticed a mana viper
  8665 | D:9      | a mana viper changed into a swamp dragon
  8665 | D:9      | Noticed a swamp dragon (shapeshifter)
  8671 | D:9      | a swamp dragon changed into an eye of devastation
  8671 | D:9      | Noticed an eye of devastation (shapeshifter)
  8716 | D:9      | Reached skill level 10 in Stealth
  8921 | D:10     | Entered Level 10 of the Dungeon
  9226 | D:10     | Reached *** piety under Dithmenos
  9260 | D:10     | Reached XP level 11. HP: 41/72 MP: 15/15
  9475 | D:10     | Found Eneidoucs's Assorted Antiques.
  9581 | Lair:1   | Entered Level 1 of the Lair of Beasts
  9887 | Lair:1   | Reached skill level 11 in Stealth
  9916 | Lair:1   | Noticed a bog body
  9916 | Lair:1   | Noticed a death yak
  9955 | Lair:1   | Slain by a death yak

Illustrated notes

Levels and vault maps discovered:
D:1:      dpeg_arrival_windows_large_door, layout_loops_cross, st_stairs_3,
          minmay_misc_feat_diagonals
D:2:      layout_basic, basic_altar, minmay_misc_feat_more_columns
D:3:      layout_basic, serial_curves, eino_curves_04, eino_curves_01,
          dilly_ecumenical_altar_fadedgnrine
D:4:      layout_loops_corners, minmay_overflow_temple_star_quad,
          uniq_eustachio, uniq_natasha, uniq_ijyb
D:5:      layout_loops_ring, minmay_temple_entry_poolview,
          minmay_misc_feat_rows, roderic_serpentine_path,
          kennysheep_generic_room_5, uniq_pikel, uniq_blork_the_orc
D:6:      layout_loops_cross, minmay_microvault
D:7:      layout_loops_corners
D:8:      layout_loops_ring, mainiacjoe_overflow_surrounded_room
D:9:      layout_loops_ring, gammafunk_temple_overflow_arena,
          grunt_lair_entry_orc_guard_hut
D:10:     layout_cross, serial_shops, nicolae_shop_trees
Temple:   minmay_crystal_spiral_temple
Lair:1:   dreamdust_isle_of_ice, layout_hall_layers, lemuel_fruit_fields

Skill      XL: |  1  2  3  4  5  6  7  8  9 10 11 |
---------------+----------------------------------+-----
Armour         | 1 2 |  2.8
Axes           | 2 3 4 |  4.4
Throwing       | 1 2 |  2.1
Short Blades   | 3 6 8 10 | 10.0
Stealth        | 2 7 10 11 | 11.0
Invocations    | 6 8 |  8.1
Fighting       | 3 |  3.9
Dodging        | |  1.7
Spellcasting   | |  2.0
Translocations | |  2.6

Action                     |  1- 3 |  4- 6 |  7- 9 | 10-12 || total
---------------------------+-------+-------+-------+-------++-------
  Melee: Hand axe          |   133 |    52 |       |       ||   185
         Dagger            |       |    35 |   220 |   174 ||   429
         Punch             |       |       |     5 |     3 ||     8
         Touch             |       |       |       |    34 ||    34
  Throw: Boomerang         |       |       |     3 |       ||     3
  Evoke: Wand              |       |       |       |     2 ||     2
    Use: Scroll            |       |       |       |     1 ||     1
         Potion            |       |       |       |     1 ||     1
   Stab: Sleeping          |       |       |       |     8 ||     8
         Paralysed         |       |       |       |     1 ||     1
 Armour: Leather armour    |    17 |       |       |       ||    17
         Ring mail         |    13 |    26 |    40 |    27 ||   106
  Dodge: Dodged            |   112 |    59 |   125 |   100 ||   396

Table legend: (Time is in decaauts)
 A = Elapsed time spent in this place.
 B = Non-inter-level travel time spent in this place.
 C = Inter-level travel time spent in this place.
 D = Time resting spent in this place.
 E = Time spent auto-exploring this place.
 F = Levels seen in this place.
 G = Mean time per level.
                   A        B        C        D        E       F      G
               +--------+--------+--------+--------+--------+-----+--------+
         Total |   9933 |   9068 |    865 |   1247 |   6093 |  12 |  827.8 |
       Dungeon |   9344 |   8516 |    828 |   1210 |   5813 |  10 |  934.4 |
        Temple |    219 |    182 |     37 |      0 |    111 |   1 |  219.0 |
          Lair |    369 |    369 |      0 |     37 |    169 |   1 |  369.0 |
               +--------+--------+--------+--------+--------+-----+--------+

Top non-repeatable levels by time:
     D:4: 1328 daAuts
     D:7: 1169 daAuts
     D:3: 1068 daAuts
     D:5: 1026 daAuts
     D:9: 984 daAuts
     D:2: 886 daAuts
     D:8: 804 daAuts
     D:6: 759 daAuts
     D:1: 708 daAuts
    D:10: 609 daAuts
  Lair:1: 369 daAuts
  Temple: 219 daAuts
